 Dungeon Crawl Stone Soup version 0.21.1-1-g345015f (webtiles) character file.

9260 shakethe the Cleaver (level 11, 0/87 HPs)
             Began as a Demonspawn Gladiator on Feb 25, 2018.
             Was a High Priest of Okawaru.
             Slain by an ettin
             ... wielding a +0 dire flail
              (42 damage)
             ... on level 9 of the Dungeon.
             The game lasted 00:20:41 (9061 turns).

shakethe the Cleaver (Demonspawn Gladiator)         Turns: 9061, Time: 00:20:42

Health: 0/87       AC: 17    Str: 15    XL:     11   Next: 20%
Magic:  15/17      EV: 19    Int: 12    God:    Okawaru [*****.]
Gold:   53         SH:  8    Dex: 18    Spells: 10/10 levels left

rFire    . . .     SeeInvis .   m - +4 war axe (elec)
rCold    . . .     Gourm    .   D - +1 buckler {AC+3}
rNeg     . . .     Faith    .   F - +2 leather armour {MR+}
rPois    .         Spirit   .   c - +1 helmet
rElec    .         Reflect  .   r - scarf {cloud immunity}
rCorr    .         Harm     .   E - +2 pair of gloves {Dex+3}
MR       +....                  a - +1 pair of boots {Stlth+}
Stlth    ++++......             g - amulet of rage {+Rage, !d}
HPRegen  0.24/turn              (no ring)
MPRegen  0.15/turn              (no ring)

@: heroism
A: claws 1, powered by death 2, spiny 2
a: Heroism, Finesse, Renounce Religion, Evoke Berserk Rage


You were on level 9 of the Dungeon.
You worshipped Okawaru.
Okawaru was extremely pleased with you.
You were not hungry.

You visited 2 branches of the dungeon, and saw 10 of its levels.
You also visited: Ossuary.

You collected 623 gold pieces.
You spent 570 gold pieces at shops.

Inventory:

Hand Weapons
 k - a +0 war axe
   (You took it off an orc on level 8 of the Dungeon)
 l - a +2 hand axe of flaming
   (You found it on level 2 of the Dungeon)
 m - a +4 war axe of electrocution (weapon)
   (You took it off a goblin on level 3 of the Dungeon)
Missiles
 d - 4 throwing nets {=f, !d}
Armour
 a - a +1 pair of boots of stealth (worn)
   (You found it on level 4 of the Dungeon)
 c - a +1 helmet (worn)
 r - a scarf of cloud immunity (worn)
   (You found it on level 2 of the Dungeon)
 D - a +1 buckler of protection (worn)
   (You bought it in a shop on level 6 of the Dungeon)
 E - a +2 pair of gloves of dexterity (worn)
   (You bought it in a shop on level 6 of the Dungeon)
 F - a +2 leather armour of magic resistance (worn)
   (You took it off an orc priest on level 7 of the Dungeon)
Jewellery
 g - an amulet of rage (around neck) {+Rage, !d}
   (You found it on level 1 of the Dungeon)
Wands
 q - a wand of polymorph (16)
   (You found it on level 8 of the Dungeon)
 t - a wand of paralysis (19)
   (You found it on level 3 of the Dungeon)
 G - a wand of scattershot (6)
   (You found it on level 7 of the Dungeon)
Scrolls
 b - 3 scrolls of identify
 e - 12 scrolls of remove curse
 h - 4 scrolls of enchant armour
 o - a scroll of teleportation
 u - a scroll of enchant weapon
 A - a scroll of fog
 B - a scroll of fear {unknown}
 H - a scroll of blinking {!r}
 I - a scroll of magic mapping {!r}
Potions
 i - 2 potions of haste
 j - 2 potions of brilliance
 n - 3 potions of heal wounds
 p - 7 potions of curing {unknown}
 v - 3 potions of agility
 w - a potion of resistance
 x - a potion of flight
 z - a potion of magic
 C - a potion of berserk rage {unknown}
Books
 y - a book of Changes
   (You found it on level 4 of the Dungeon)
Comestibles
 f - 24 rations


   Skills:
 + Level 8.5(13.5) Fighting
 * Level 10.2(15.2) Axes
 - Level 1.7(6.7) Throwing
 + Level 3.8(8.8) Armour
 + Level 5.2(10.2) Dodging
 - Level 4.0(9.0) Shields
 + Level 8.5 Invocations
 - Level 3.9 Evocations


You had 10 spell levels left.
You didn't know any spells.

Dungeon Overview and Level Annotations

Branches:
Dungeon (9/15)             Temple (1/1) D:4
   Lair: D:8-11         Orc: D:9-12

Altars:
Ashenzari
Dithmenos
Elyvilon
Fedhas
Gozag
Hepliaklqana
Makhleb
Nemelex Xobeh
Okawaru
Qazlal
Ru
Sif Muna
Trog
Uskayaw
Vehumet
Wu Jian
Xom
Yredelemnul
The Shining One

Shops:
D:4 !   D:6 [   D:8 (?}


Innate Abilities, Weirdness & Mutations

You have sharp fingernails.
You regenerate health from kills.
You are mostly covered in sharp spines.


Message History

The wyvern bites you but does no damage.
You hit the wyvern. Lightning courses through the wyvern!
You block the wyvern's attack.
You slash the wyvern!
You kill the wyvern!
Okawaru accepts your kill.
No target in view!
You see here a wyvern corpse.
You butcher the wyvern corpse.
s - 2 chunks of flesh {@w0@w0} Eating one of 2 chunks of flesh {@w0@w0}.
You eat one of the 2 chunks of flesh {@w0@w0}.
Okay, then.
Found a stone staircase leading down.
No target in view!
b - 2 scrolls of identify (gained 1) 2 orcs come into view.
An orc and an orc wizard come into view.
The orc wizard is wielding a dagger of venom.
The orc shouts! x2
The orc is struck by your spines.
You kill the orc!
Okawaru accepts your kill. The orc hits you but does no damage.
You see here a hand axe.
You hit the orc. You slash the orc!
You kill the orc!
Okawaru accepts your kill.
You hit the orc wizard. The orc wizard barely misses you.
You barely miss the orc wizard. You closely miss the orc.
The orc hits you but does no damage. The orc wizard casts a spell at you.
The magic dart hits you!
You take 2 damage, and have 85/87 hp.
Your leather armour prevents you from hitting the orc wizard.
You barely miss the orc.
The orc wizard points at you and mumbles some strange words.
The puff of frost hits you! The orc is struck by your spines.
The orc closely misses you.
You slash the orc!
You kill the orc!
Okawaru accepts your kill.
You hit the orc wizard.
Lightning courses through the orc wizard!
The orc wizard casts a spell at you. The puff of flame misses you.
You slash the orc wizard!
You kill the orc wizard!
Okawaru accepts your kill.
Health restored: 87 No target in view!
Things that are here:
a mace; an orc corpse
Things that are here:
a dagger of venom; a robe; an orc corpse You now have 53 gold pieces (gained 25).
Things that are here:
a dagger of venom; a robe; an orc corpse You see here a hand axe.
b - 3 scrolls of identify (gained 1)
A worker ant comes into view.
The helpless worker ant fails to defend itself.
You hit the worker ant.
Lightning courses through the worker ant!
The worker ant completely misses you.
You hit the worker ant.
You kill the worker ant!
Okawaru accepts your kill.
No target in view!
Eating a chunk of flesh {@w0@w0}.
You eat the chunk of flesh {@w0@w0}.
Found a shattered altar of Ashenzari.
No target in view!
No target in view!
A quasit comes into view.
The quasit gives a chilling moan.
You block the quasit's attack. The quasit misses you. x2
You slash the quasit! Lightning courses through the quasit!
You kill the quasit!
Okawaru accepts your kill.
No target in view!
A hornet comes into view.
The hornet buzzes angrily.
Found 12 gold pieces.
Found a shadowy altar of Dithmenos.
An ettin comes into view. It is wielding two dire flails.
The ettin shouts in stereo!
You hit the hornet. The hornet is struck by your spines. The hornet stings you!
You feel yourself slow down.
You take 13 damage, and have 74/87 hp.
You hit the ettin.
You feel yourself speed up.
You barely miss the hornet. You hit the ettin.
The hornet is struck by your spines. The hornet closely misses you.
The ettin hits you with a dire flail!! The ettin barely misses you.
You block the hornet's attack.
You take 32 damage, and have 42/87 hp.
MASSIVE DAMAGE!!
You gain the combat prowess of a mighty hero.
The ettin is struck by your spines. The ettin hits you with a dire flail!!!
You die...

.............# #)).....##
.............# .._. #........#
.............+ ... +.......##
.............# ###### #........#
#............# #$$$$###.....#.##
...........#.##..!...##......##
..............##....##........#
.).............#8C.8#...#.#....
................@y.......#....##
......................... ....
...##########....#....#.
...#.....#..#.#....#....
...#≈....'..##.#........
...#..P..'..#...........
.#..≈....'..##....#... .
...#.....#..####.###.#.
#.##≈.P≈P##†# ## ##


You could see an ettin and a hornet.

Vanquished Creatures
  A hydra (D:9)
  3 two-headed ogres
  The ghost of soepske the Covert, a novice KoFi (D:8)
  The ghost of jazmu the Shield-Bearer, a novice FoHu (D:6)
  A hornet (D:8)
  2 dream sheep (D:9)
  A wyvern (D:9)
  A wraith (Ossuary)
  2 yaks (D:9)
  A water moccasin (D:7)
  4 orc warriors
  A black bear (D:8)
  An ice beast (D:6)
  A phantom (D:5)
  3 sky beasts
  4 ogres
  2 centaurs
  A necrophage (D:8)
  3 big kobolds (D:9)
  3 bullfrogs
  A gnoll sergeant (D:6)
  5 scorpions
  13 wights
  7 crimson imps
  5 jellies
  A quasit (D:9)
  6 orc priests
  4 hounds
  3 iguanas
  A bullfrog skeleton (D:8)
  9 worker ants
  13 orc wizards
  A hound zombie (D:6)
  2 hound skeletons
  2 mummies
  A howler monkey zombie (D:6)
  4 gnolls
  11 adders
  A shadow imp (D:7)
  An adder skeleton (D:8)
  2 worms
  2 dart slugs (D:2)
  2 leopard geckos (D:7)
  39 orcs
  5 giant cockroaches
  5 goblins
  8 hobgoblins
  4 jackals
  2 quokkas
  A ball python (D:4)
  7 bats
  A frilled lizard (D:4)
  5 gnoll skeletons (Ossuary)
  A jackal zombie (D:8)
  11 kobolds
  4 kobold skeletons (Ossuary)
  A leopard gecko skeleton (D:6)
  2 leopard gecko zombies
  16 orc skeletons (Ossuary)
  2 orc zombies (D:4)
  A quokka zombie (D:7)
  9 rats
  A plant (D:9)
259 creatures vanquished.

Vanquished Creatures (others)
  A wight (D:8)
1 creature vanquished.

Grand Total: 260 creatures vanquished

Notes
Turn   | Place    | Note
-------+----------+-------------------------------------------
     0 | D:1      | shakethe the Demonspawn Gladiator began the quest for the Orb.
     0 | D:1      | Reached XP level 1. HP: 16/16 MP: 1/1
   178 | D:1      | Reached skill level 3 in Axes
   180 | D:1      | Gained mutation: You regenerate a little health from kills. [demonic ancestry]
   180 | D:1      | Reached XP level 2. HP: 18/22 MP: 2/2
  1020 | D:2      | Reached XP level 3. HP: 28/28 MP: 3/3
  1380 | D:2      | HP: 3/28 [worm (8)]
  1685 | D:2      | Gained mutation: You regenerate health from kills. [demonic ancestry]
  1685 | D:2      | Reached XP level 4. HP: 27/34 MP: 4/4
  1975 | D:2      | Reached skill level 4 in Axes
  2100 | D:3      | Reached skill level 3 in Fighting
  2280 | D:3      | Reached XP level 5. HP: 35/41 MP: 5/5
  2324 | D:3      | HP: 10/41 [worm (1)]
  2604 | D:3      | Found a bloodstained altar of Trog.
  2890 | D:4      | Found a deep blue altar of Sif Muna.
  2913 | D:4      | Reached skill level 1 in Evocations
  3030 | D:4      | Found Ciuptirr's Distillery.
  3152 | D:4      | Found a sand-covered staircase.
  3247 | Ossuary  | Entered an ossuary
  3247 | Ossuary  | Noticed a wraith
  3247 | Ossuary  | Noticed a wraith
  3247 | Ossuary  | Noticed a wraith
  3392 | Ossuary  | Noticed a wraith
  3405 | Ossuary  | Killed a wraith
  3405 | Ossuary  | Reached skill level 5 in Axes
  3405 | Ossuary  | Reached skill level 2 in Evocations
  3405 | Ossuary  | Gained mutation: You have sharp fingernails. [demonic ancestry]
  3405 | Ossuary  | Reached XP level 6. HP: 45/48 MP: 7/7
  3547 | D:4      | Reached skill level 4 in Fighting
  3750 | D:4      | Reached XP level 7. HP: 44/54 MP: 7/9
  3860 | D:4      | Found a staircase to the Ecumenical Temple.
  3895 | Temple   | Entered the Ecumenical Temple
  3941 | Temple   | Became a worshipper of Warmaster Okawaru
  4301 | D:5      | Entered Level 5 of the Dungeon
  4491 | D:5      | Reached skill level 6 in Axes
  4491 | D:5      | Reached skill level 3 in Evocations
  4545 | D:5      | Found an opulent altar of Gozag.
  4717 | D:5      | HP: 13/55 [acid (3)]
  5267 | D:5      | Found a shimmering altar of Xom.
  5440 | D:6      | Found Jazy Rofaus's Antique Armour Shop.
  5472 | D:6      | Reached skill level 5 in Fighting
  5472 | D:6      | Gained mutation: You are partially covered in sharp spines. [demonic ancestry]
  5472 | D:6      | Reached XP level 8. HP: 49/62 MP: 10/10
  5480 | D:6      | Reached * piety under Okawaru
  5486 | D:6      | Bought a shiny buckler for 165 gold pieces
  5486 | D:6      | Bought a pair of embroidered gloves for 165 gold pieces
  5712 | D:6      | Reached skill level 7 in Axes
  5779 | D:6      | Reached skill level 1 in Shields
  5779 | D:6      | Reached skill level 1 in Invocations
  5794 | D:6      | Found a shattered altar of Ashenzari.
  5816 | D:6      | Reached skill level 2 in Shields
  5816 | D:6      | Reached skill level 2 in Invocations
  5924 | D:6      | Noticed jazmu's ghost (novice FoHu)
  5950 | D:6      | Killed jazmu's ghost
  5950 | D:6      | Reached ** piety under Okawaru
  5950 | D:6      | Reached skill level 3 in Shields
  5950 | D:6      | Reached skill level 3 in Invocations
  6101 | D:6      | Reached skill level 6 in Fighting
  6107 | D:6      | Reached XP level 9. HP: 68/69 MP: 11/11
  6353 | D:7      | Reached skill level 4 in Shields
  6362 | D:7      | Reached *** piety under Okawaru
  6362 | D:7      | Reached skill level 4 in Invocations
  6503 | D:7      | Reached skill level 5 in Invocations
  6529 | D:7      | Reached skill level 8 in Axes
  6580 | D:7      | Found a sparkling altar of Nemelex Xobeh.
  6621 | D:7      | Reached skill level 7 in Fighting
  6621 | D:7      | Reached skill level 3 in Dodging
  7107 | D:7      | Reached skill level 6 in Invocations
  7314 | D:8      | Found Ilepn's Weapon Boutique.
  7387 | D:8      | Found Denoeme's Magic Scroll Shoppe.
  7393 | D:8      | Reached **** piety under Okawaru
  7432 | D:8      | Found Miuzeps's Gadget Shop.
  7440 | D:8      | Reached skill level 1 in Armour
  7442 | D:8      | Gained mutation: You are mostly covered in sharp spines. [demonic ancestry]
  7442 | D:8      | Reached XP level 10. HP: 63/79 MP: 14/14
  7563 | D:8      | Found a sacrificial altar of Ru.
  7596 | D:8      | Noticed soepske's ghost (novice KoFi)
  7626 | D:8      | Killed soepske's ghost
  7626 | D:8      | Reached skill level 9 in Axes
  7626 | D:8      | Reached skill level 4 in Dodging
  7653 | D:8      | Reached skill level 2 in Armour
  7653 | D:8      | Reached skill level 7 in Invocations
  7690 | D:8      | Noticed a two-headed ogre
  7702 | D:8      | Killed a two-headed ogre
  7702 | D:8      | Reached ***** piety under Okawaru
  8069 | D:8      | Found a burning altar of Makhleb.
  8205 | D:9      | Noticed a two-headed ogre
  8213 | D:9      | Killed a two-headed ogre
  8213 | D:9      | Reached skill level 8 in Fighting
  8213 | D:9      | Reached skill level 3 in Armour
  8353 | D:9      | Found an ornate altar of the Wu Jian Council.
  8374 | D:9      | Reached skill level 8 in Invocations
  8382 | D:9      | Received a gift from Okawaru
  8384 | D:9      | Reached skill level 10 in Axes
  8413 | D:9      | Noticed a three-headed hydra
  8419 | D:9      | Killed a one-headed hydra
  8419 | D:9      | Reached skill level 5 in Dodging
  8419 | D:9      | Reached XP level 11. HP: 87/87 MP: 14/17
  8507 | D:8      | Bought a scroll of brand weapon for 240 gold pieces
  8603 | D:9      | Noticed a two-headed ogre
  8610 | D:9      | Killed a two-headed ogre
  8956 | D:9      | Found a shattered altar of Ashenzari.
  9056 | D:9      | Found a shadowy altar of Dithmenos.
  9057 | D:9      | Noticed an ettin
  9061 | D:9      | Slain by an ettin

Skill      XL: |  1  2  3  4  5  6  7  8  9 10 |
---------------+-------------------------------+-----
Axes           | 3 4 5 6 7 8 10 | 10.2
Fighting       | 3 4 5 6 7 8 |  8.5
Evocations     | 2 3 |  3.9
Shields        | 3 4 |  4.0
Invocations    | 3 6 8 |  8.5
Dodging        | 3 5 |  5.2
Armour         | 1 3 |  3.8
Throwing       | |  1.7

Action                   |  1- 3 |  4- 6 |  7- 9 | 10-12 || total
-------------------------+-------+-------+-------+-------++-------
Melee: War axe           |    88 |   117 |   295 |   133 ||   633
       Hand axe          |    19 |    46 |       |     6 ||    71
Invok: Heroism           |       |       |     1 |     3 ||     4
Evoke: Wand              |       |       |     5 |     3 ||     8
  Use: Scroll            |       |     9 |    11 |     1 ||    21
       Potion            |       |     1 |       |       ||     1
 Stab: Sleeping          |     1 |     3 |     5 |     9 ||    18
       Paralysed         |       |       |     7 |     5 ||    12
  Eat: Chunk             |     2 |     5 |     7 |     6 ||    20
       Ration            |       |     1 |     1 |       ||     2
Armor: Leather armour    |    35 |    44 |    82 |    42 ||   203
Dodge: Dodged            |   108 |   103 |   140 |    65 ||   416
Block: Buckler           |       |       |    44 |    43 ||    87

Vault maps used:
D:1:      dpeg_arrival_leaves_temple_mockup, minmay_misc_feat_diagonals
D:3:      bloody_trog
D:4:      lemuel_crystal_altar, temple_fountains, serial_shops,
          kennysheep_little_box, nicolae_ossuary_entry_giza
D:5:      grunt_gozag_statues, nicolae_overflow_hidden_temple,
          lemuel_round_altar, first_ration, item_on_display_b
D:6:      serial_shops, shop, lemuel_tele_altar
D:7:      nemelex_xobeh_ov_fountains_minmay
D:8:      nicolae_ru_sacrificial_ziggurat, serial_shops,
          nicolae_shop_statue_plus, nicolae_shop_window_shopping,
          nicolae_shop_temple_entry_statues_fountains,
          makhleb_blood_cavern_becter
D:9:      nicolae_overflow_crystal_walls, kennysheep_mini,
          minmay_stone_trees_large, hangedman_ranch, st_stairs_13,
          jmf_multi_god_temple
Temple:   jpeg_temple_alley_garden
Ossuary:  ossuary_due_mausoleum

Table legend:
 A = Turns spent in this place as a percentage of turns spent in the entire game.
 B = Non-inter-level travel turns spent in this place as a percentage of non-inter-level travel turns spent in the entire game.
 C = Inter-level travel turns spent in this place as a percentage of turns spent in this place.
 D = Turns resting spent in this place as a percentage of non-inter-level travel turns spent in this place.
 E = Turns spent auto-exploring this place as a percentage of non-inter-level travel turns spent in this place.
 F = Non-inter-level travel turns spent in this place divided by the number of levels of this place that you've seen.
                   A       B       C       D       E      F
               +-------+-------+-------+-------+-------+----------------------
         Total | 100.0 | 100.0 |   2.7 |  17.1 |  56.5 | 801.7
       Dungeon |  96.0 |  95.9 |   2.8 |  16.9 |  57.8 | 939.9
        Temple |   0.9 |   0.9 |   0.0 |   0.0 |  34.9 |  83.0
       Ossuary |   3.1 |   3.1 |   0.0 |  30.3 |  21.7 | 277.0
               +-------+-------+-------+-------+-------+----------------------

Table legend:
 A = Kills in this place as a percentage of kills in entire the game.
 B = Kills by you in this place as a percentage of kills by you in the entire game.
 C = Kills by friends in this place as a percentage of kills by friends in the entire game.
 D = Other kills in this place as a percentage of other kills in the entire game.
 E = Experience gained in this place as a percentage of experience gained in the entire game.
 F = Experience gained in this place divided by the number of levels of this place that you have seen.
                   A       B       C       D       E      F
               +-------+-------+-------+-------+-------+----------------------
         Total | 100.0 | 100.0 |   N/A | 100.0 | 100.0 | 1202.6
       Dungeon |  89.6 |  89.5 |   N/A | 100.0 |  98.1 | 1442.3
       Ossuary |  10.4 |  10.5 |   N/A |   0.0 |   1.9 | 248.0
               +-------+-------+-------+-------+-------+----------------------
